 Dungeon Crawl Stone Soup version 0.22.1 (webtiles) character file.

133 PaladinM the Slasher (level 5, 0/38 HPs)
             Began as a Human Warper on Sept 17, 2018.
             Slain by a phantom (5 damage)
             ... on level 4 of the Dungeon.
             The game lasted 00:09:09 (2622 turns).

PaladinM the Slasher (Human Warper)                 Turns: 2622, Time: 00:09:10

Health: 0/38       AC:  4    Str: 12    XL:     5   Next: 40%
Magic:  6/8        EV: 12    Int: 13    God:
Gold:   105        SH:  0    Dex: 13    Spells: 4/8 levels left

rFire    . . .     SeeInvis .   a - +0 falchion
rCold    . . .     Gourm    .   (no shield)
rNeg     . . .     Faith    .   n - +0 leather armour (curse)
rPois    .         Spirit   .   (no helmet)
rElec    .         Reflect  .   i - +0 cloak
rCorr    .         Harm     .   (no gloves)
MR       .....                  (no boots)
Stlth    +.........             (no amulet)
HPRegen  0.12/turn              (no ring)
MPRegen  0.11/turn              (no ring)

@: no status effects
A: no striking features
a: no special abilities


You were on level 4 of the Dungeon.
You were hungry.

You visited 1 branch of the dungeon, and saw 4 of its levels.

You collected 105 gold pieces.

Inventory:

Hand Weapons
 a - a +0 falchion (weapon)
Missiles
 e - 5 tomahawks of dispersal (quivered)
Armour
 h - a cursed +0 ring mail
 i - a +0 cloak (worn)
 n - a cursed +0 leather armour (worn)
Jewellery
 m - an uncursed ring of see invisible {unknown}
Scrolls
 b - 2 scrolls of fog
 d - a scroll of blinking
 k - 2 scrolls of teleportation
 l - a scroll of magic mapping
 o - a scroll of immolation {unknown}
 p - a scroll of fear {unknown}
 q - 2 scrolls of amnesia
 s - a scroll of identify
Potions
 c - a potion of curing {unknown}
 g - 2 potions of cancellation
 j - a potion of haste {unknown}
Comestibles
 f - 3 rations


   Skills:
 - Level 2.0 Fighting
 + Level 5.2 Long Blades
 - Level 1.0 Throwing
 - Level 1.0 Armour
 - Level 2.0 Dodging
 - Level 2.0 Spellcasting
 - Level 3.0 Translocations


You had 4 spell levels left.
You knew the following spells:

 Your Spells              Type           Power        Failure   Level  Hunger
a - Blink                 Tloc           N/A          14%         2    ###....
b - Shroud of Golubria    Chrm/Tloc      #.........   26%         2    ###....

Your spell library contained the following spells:

 Spells                   Type           Power        Failure   Level  Hunger
 Gell's Gravitas          Tloc           #.........   28%         3    ####...
 Lesser Beckoning         Tloc           #.........   28%         3    ####...
 Teleport Other           Tloc           #.......     28%         3    ####...
 Passage of Golubria      Tloc           N/A          67%         4    #####..


Dungeon Overview and Level Annotations

Branches:
Dungeon (4/15)
 Temple: D:4-7

Altars:


Message History

You kill the adder!
Your shroud begins to fray at the edges.
You hit the orc but do no damage. The orc hits you but does no damage.
You barely miss the phantom. You hit the phantom.
The phantom is lightly damaged.
The phantom closely misses you.
You riposte.
You barely miss the phantom.
The phantom is lightly damaged.
You hit the phantom but do no damage.
The phantom is lightly damaged.
The phantom closely misses you.
You hit the phantom.
The phantom is lightly damaged.
The phantom hits you!
* * * LOW HITPOINT WARNING * * *
You hit the phantom but do no damage.
The phantom is lightly damaged.
Your shroud unravels.
The phantom hits you.
You die...

#### ... #.. #.# #.#
#@# ...###W#####
.......o....#
............## ####
.............##.....
....................
............<.......
...>............####
................#


You could see a phantom and an orc.

Vanquished Creatures
  A howler monkey (D:3)
  2 adders
  3 oozes
  2 worms
  2 dart slugs
  2 leopard geckos (D:2)
  2 orcs (D:3)
  A giant cockroach (D:2)
  5 goblins
  7 hobgoblins
  2 jackals (D:3)
  5 kobolds
  A quokka (D:2)
  8 bats
  4 frilled lizards
  3 rats
50 creatures vanquished.

Notes
Turn   | Place    | Note
-------+----------+-------------------------------------------
     0 | D:1      | PaladinM the Human Warper began the quest for the Orb.
     0 | D:1      | Reached XP level 1. HP: 16/16 MP: 3/3
   453 | D:1      | Reached XP level 2. HP: 22/22 MP: 5/5
   502 | D:1      | Learned a level 2 spell: Blink
   556 | D:1      | Reached skill level 3 in Long Blades
  1112 | D:1      | Reached XP level 3. HP: 26/27 MP: 6/6
  1348 | D:1      | Learned a level 2 spell: Shroud of Golubria
  1585 | D:2      | Reached skill level 4 in Long Blades
  1585 | D:2      | Reached XP level 4. HP: 26/33 MP: 7/7
  2130 | D:3      | Reached XP level 5. HP: 38/38 MP: 5/8
  2316 | D:3      | Reached skill level 5 in Long Blades
  2595 | D:4      | Noticed a phantom
  2622 | D:4      | Slain by a phantom

Skill      XL: |  1  2  3  4  5 |
---------------+----------------+-----
Long Blades    | 3 4 5 |  5.2
Fighting       | |  2.0
Throwing       | |  1.0
Armour         | |  1.0
Dodging        | |  2.0
Spellcasting   | |  2.0
Translocations | |  3.0

Action                   |  1- 3 |  4- 6 || total
-------------------------+-------+-------++-------
Melee: Falchion          |   104 |   116 ||   220
 Cast: Shroud of Golubri |     2 |     5 ||     7
       Blink             |     1 |       ||     1
  Use: Scroll            |       |     5 ||     5
 Stab: Sleeping          |     1 |       ||     1
  Eat: Chunk             |     2 |     4 ||     6
Armor: Leather armour    |    34 |    30 ||    64
       Ring mail         |     4 |       ||     4
Dodge: Dodged            |    74 |    84 ||   158
       Rpst.: Falchion   |    23 |    30 ||    53
